 Dungeon Crawl Stone Soup version 0.30.1-9-gdf580d7c3d (webtiles) character file.

Game seed: 13760781051189383155

394167 wingedge the Gelid (level 21, -2/160 (174) HPs)
             Began as a Demigod Earth Elementalist on Sept 29, 2023.
             Slain by a Tzitzimitl (16 damage)
             ... summoned by a dread lich
             ... on level 5 of the Vaults on Oct 1, 2023.
             The game lasted 03:57:11 (83191 turns).

wingedge the Gelid (Demigod Earth Elementalist)    Turns: 83191, Time: 03:57:11

HP:   -2/160 (174)  AC: 19    Str: 13    XL:     21   Next: 22%
MP:   5/40          EV: 17    Int: 39    God:
Gold: 1072          SH: 15    Dex: 17    Spells: 2/40 levels left

rFire   + + .        e - staff of earth
rCold   . . .        V - +2 kite shield {reflect}
rNeg    . . .        J - +3 robe of Clouds {*Thunder rCloud rElec}
rPois   +            S - +2 hat {Will+}
rElec   +            p - +0 cloak of Dramatic Exits {rElec rPois rF++ Int-5}
rCorr   .            j - +2 pair of gloves {Dex+3}
SInv    .            X - +2 pair of boots
Will    ++++.        W - amulet of regeneration
Stlth   ++++         w - ring of willpower
HPRegen 1.26/turn    D - ring "Wewazun" {AC+4 Int+3}
MPRegen 0.27/turn

%: reflection
@: about to teleport, studying 2 skills, drained
A: high MP 1, forlorn, divine attributes
}: 2/15 runes: serpentine, barnacled
a: no special abilities


You were on level 5 of the Vaults.
You visited 7 branches of the dungeon, and saw 38 of its levels.
You visited 1 bazaar.
You also visited: Gauntlet.

You collected 6146 gold pieces.
You spent 5074 gold pieces at shops.

Inventory:

Hand Weapons
 a - a +5 broad axe of flaming
Armour
 j - a +2 pair of gloves of dexterity (worn)
 p - the +0 cloak of Dramatic Exits (worn) {rElec rPois rF++ Int-5}
   (You acquired it on level 1 of the Snake Pit)

   Int:       It affects your intelligence (-5).
   rF:        It greatly protects you from fire.
   rElec:     It insulates you from electricity.
   rPois:     It protects you from poison.
 v - a +0 buckler of fire resistance
 H - a +2 pair of gloves of strength
 J - the +3 robe of Clouds (worn) {*Thunder rCloud rElec}
   (You bought it in a shop on level 2 of the Orcish Mines)

   *Thunder:  It occasionally creates storm clouds above nearby enemies.
   rCloud:    It grants its wearer immunity to clouds.
   rElec:     It insulates you from electricity.
 O - the scarf "Hap Fyli" {repulsion, rElec rN+ Str-4 Int+3}
   (You found it on level 13 of the Dungeon)

   Str:       It affects your strength (-4).
   Int:       It affects your intelligence (+3).
   rElec:     It insulates you from electricity.
   rN:        It protects you from negative energy.
 S - a +2 hat of willpower (worn)
 V - a +2 kite shield of reflection (worn)
 X - a +2 pair of boots (worn)
Magical Staves
 e - a staff of earth (weapon)
 l - a staff of cold
 y - the staff of fire "Gusheip" {rF+ rC+ Dex+6}
   (You found it on level 1 of the Vaults)

   [staff of fire]

   Base accuracy: +5 Base damage: 5 Base attack delay: 1.2 This weapon's minimum
   attack delay (0.6) is reached at skill level 12.
   Dex:       It affects your dexterity (+6).
   rF:        It protects you from fire.
   rC:        It protects you from cold.
   It falls into the 'Staves' category.
   It is a one-handed weapon.
Jewellery
 f - a ring of flight
 i - the ring "Numesofu" {Ice Str-2 Int+2 SInv}
   (You took it off a deep elf annihilator on level 3 of the Elven Halls)

   [ring of ice]

   It enhances your ice magic.
   Str:       It affects your strength (-2).
   Int:       It affects your intelligence (+2).
   rF:        It makes you vulnerable to fire.
   rC:        It protects you from cold.
   SInv:      It lets you see invisible.
 n - the ring "Xorapefas" {Ice rN+ Dex+2}
   (You bought it in a shop on level 3 of the Snake Pit)

   [ring of ice]

   It enhances your ice magic.
   Dex:       It affects your dexterity (+2).
   rF:        It makes you vulnerable to fire.
   rC:        It protects you from cold.
   rN:        It protects you from negative energy.
 q - a ring of resist corrosion
 w - a ring of willpower (left hand)
 z - a ring of wizardry
 D - the ring "Wewazun" (right hand) {AC+4 Int+3}
   (You found it in a Gauntlet)

   [ring of protection]

   AC:        It affects your AC (+4).
   Int:       It affects your intelligence (+3).
 W - an amulet of regeneration (around neck)
Wands
 b - a wand of digging (11)
Scrolls
 g - 8 scrolls of fear
 k - 4 scrolls of enchant armour
 o - 5 scrolls of magic mapping
 s - a scroll of summoning
 u - 5 scrolls of brand weapon
 C - 7 scrolls of teleportation
 F - 7 scrolls of blinking
 I - 6 scrolls of immolation
 N - 7 scrolls of poison
 P - 6 scrolls of fog
 U - 11 scrolls of amnesia
Potions
 c - 3 potions of might
 d - 20 potions of curing
 h - 4 potions of mutation
 m - a potion of resistance
 t - 6 potions of heal wounds
 x - 4 potions of haste
 A - 9 potions of brilliance
 B - 2 potions of magic
 E - 6 potions of cancellation
 G - 8 potions of flight
 K - 3 potions of invisibility
 Q - 3 potions of berserk rage
 Z - 6 potions of ambrosia


   Skills:
 + Level 12.1 Fighting
 - Level 13.0 Axes
 - Level 7.0 Armour
 - Level 10.0 Dodging
 + Level 7.5 Stealth
 - Level 13.0 Shields
 - Level 10.0 Spellcasting
 - Level 14.0 Conjurations
 - Level 5.0 Necromancy
 - Level 6.0 Translocations
 - Level 6.0 Transmutations
 + Level 17.9 Ice Magic
 - Level 5.0 Air Magic
 - Level 14.0 Earth Magic


You had 2 spell levels left.
You knew the following spells:

 Your Spells              Type           Power      Damage    Failure   Level
a - Irradiate             Conj/Tmut      39%        3d24      1%          5
b - Borgnjor's Vile Clut  Necr/Erth      48%        N/A       2%          5
c - Freezing Cloud        Conj/Ice/Air   43%        6-21      1%          5
g - Lee's Rapid Deconstr  Erth           57%        3d26*     1%          5
h - Ozocubu's Armour      Ice            100%       N/A       0%          3
j - Iron Shot             Conj/Erth      57%        9d11      1%          6
k - Ozocubu's Refrigerat  Ice            51%        4d18      1%          7
z - Blink                 Tloc           100%       N/A       1%          2

Your spell library contained the following spells:

 Spells                   Type           Power      Damage    Failure   Level
 Sandblast                Erth           100%       2d20      0%          1
 Beastly Appendage        Tmut           100%       N/A       1%          1
 Foxfire                  Conj/Fire      100%       2x1d9     1%          1
 Sting                    Tmut/Pois      100%       1d8       1%          1
 Cigotuvi's Dreadful Rot  Necr/Pois/Air  90%        N/A       1%          2
 Ensorcelled Hibernation  Hex/Ice        100%       N/A       1%          2
 Passwall                 Tmut/Erth      81%        N/A       1%          2
 Poisonous Vapours        Pois/Air       78%        N/A       1%          2
 Wereblood                Tmut           60%        N/A       1%          2
 Slow                     Hex            76%        N/A       3%          1
 Scorch                   Fire           38%        2d7       6%          2
 Dazzling Flash           Conj/Hex       100%       N/A       1%          3
 Mephitic Cloud           Conj/Pois/Air  62%        N/A       1%          3
 Stone Arrow              Conj/Erth      100%       3d13      1%          3
 Iskenderun's Mystic Bla  Conj/Tloc      78%        2d16      1%          4
 Petrify                  Tmut/Erth      98%        N/A       1%          4
 Summon Ice Beast         Ice/Summ       74%        N/A       1%          4
 Iskenderun's Battlesphe  Conj           91%        2d14      1%          5
 Animate Armour           Summ/Erth      100%       N/A       2%          4
 Flame Wave               Conj/Fire      65%        2d15      2%          4
 Leda's Liquefaction      Hex/Erth       42%        N/A       2%          4
 Sticky Flame             Conj/Fire      65%        2d8       2%          4
 Metabolic Englaciation   Hex/Ice        37%        N/A       2%          5
 Portal Projectile        Hex/Tloc       84%        N/A       3%          3
 Spider Form              Tmut/Pois      42%        N/A       3%          3
 Volatile Blastmotes      Fire/Tloc      84%        2d17      3%          3
 Manifold Assault         Tloc           60%        N/A       3%          4
 Passage of Golubria      Tloc           60%        N/A       3%          4
 Animate Dead             Necr           55%        N/A       4%          4
 Dispel Undead            Necr           55%        3d20      4%          4
 Fireball                 Conj/Fire      32%        3d14      6%          5
 Blade Hands              Tmut           30%        N/A       9%          5
 Statue Form              Tmut/Erth      65%        N/A       10%         6
 Orb of Destruction       Conj           45%        9d12      11%         7
 Summon Guardian Golem    Hex/Summ       19%        N/A       12%         3
 Tukima's Dance           Hex            19%        N/A       12%         3
 Conjure Ball Lightning   Conj/Air       38%        3x3d12    12%         6
 Anguish                  Hex/Necr       19%        N/A       14%         4
 Alistair's Intoxication  Tmut/Pois      28%        N/A       30%         5
 Starburst                Conj/Fire      32%        6d10      32%         6
 Cause Fear               Hex            9%         N/A       36%         4
 Olgreb's Toxic Radiance  Pois           19%        N/A       36%         4
 Silence                  Hex/Air        19%        N/A       36%         5
 Lehudib's Crystal Spear  Conj/Erth      57%        10d13     63%         8
 Eringya's Noxious Bog    Tmut/Pois      21%        N/A       86%         6
 Spellforged Servitor     Conj/Summ      32%        N/A       88%         7
 Plasma Beam              Fire/Air       19%        2x1d34    91%         6
 Dragon Form              Tmut           30%        N/A       95%         7
 Storm Form               Tmut/Air       29%        N/A       98%         7
 Summon Cactus Giant      Summ           9%         N/A       99%         6
 Haunt                    Necr/Summ      19%        N/A       100%        7
 Discord                  Hex            9%         N/A       100%        8
 Disjunction              Tloc           30%        N/A       100%        8
 Ignition                 Fire           9%         3d5       100%        8
 Infestation              Necr           27%        N/A       100%        8
 Death's Door             Necr           27%        N/A       100%        9
 Dragon's Call            Summ           9%         N/A       100%        9


Dungeon Overview and Level Annotations

Branches:
Dungeon (15/15)            Temple (0/1) D:6            Lair (5/5) D:9
 Shoals (4/4) Lair:2        Snake (4/4) Lair:2        Slime (0/5) Lair:5
    Orc (2/2) D:9             Elf (3/3) Orc:2        Vaults (5/5) D:14
  Crypt (0/3) Vaults:3     Depths (0/4) D:15        Gauntlet (visited)

Shops:
D:3 [   D:5 =   D:7 ?   D:12 (   Orc:2 *([(   Elf:1 ?*   Shoals:2 :
Snake:2 :==   Snake:3 ==?(   Vaults:1 :   Vaults:3 :

Portals:
Hell: Lair:5
Trove: Elf:2 (give 7 potions of haste)

Annotations:
Lair:2 statue form soonish
Snake:2 1 exclusion
Orc:2 statue form -> death's door and play smart?
Elf:1 +irradiate
Vaults:4 polar vortex -> statue form


Innate Abilities, Weirdness & Mutations

You have an increased reservoir of magic. (+10% MP)
You shall have no god before yourself.
Your divine heritage dramatically boosts your attributes as you level up.


Message History

Aiming: Iron Shot (mildly dangerous; 1% risk of failure)
Press: ? - help, Shift-Dir - straight line, f - titan
Aim: a titan (freezing vapour, severely wounded, 98% to hit)
You feel a surge of power!
The iron shot hits the titan!!!
You kill the titan!
Something touches you!
A shadow dragon comes into view.
Training target 13.0 for Axes reached!
Your Axes skill increases to level 13!
Something touches you but does no damage.
You hear some strange, mumbled words.
Press: ? - help, v - describe, . - travel The floor, spattered with blood.
Press: ? - help, v - describe, . - travel, g - get item
Here: a Tzitzimitl (freezing vapour, summoned) Item here: a titan corpse.
The floor, spattered with blood.
You hit something but do no damage. Something touches you.
Casting: Iron Shot (mildly dangerous; 1% risk of failure)
Confirm with . or Enter, or press ? or * to list all spells.
Aiming: Iron Shot (mildly dangerous; 1% risk of failure)
Press: ? - help, Shift-Dir - straight line, f - Tzitzimitl
Aim: a Tzitzimitl (freezing vapour, summoned, 63% to hit)
You feel a surge of power!
The iron shot hits something!!!
You hear some strange, mumbled words.
An ironbound convoker comes into view. It is wielding a +0 morningstar.
The shadow dragon is engulfed in freezing vapours.
Something touches you but does no damage.
The Tzitzimitl is engulfed in freezing vapours.
You block the Tzitzimitl's attack. The Tzitzimitl completely misses you.
As you read the scroll of teleportation, it crumbles to dust.
You feel strangely unstable.
Storm clouds gather above the Tzitzimitl.
You hear some strange, mumbled words.
The Tzitzimitl is engulfed in freezing vapours.
The Tzitzimitl gestures at you. The bolt of negative energy hits you!!!
You feel drained.
* * * LOW HITPOINT WARNING * * *
You block the Tzitzimitl's attack. The Tzitzimitl bites you!
You die...

. ..### ########
......#..#@1§#
#.....#..#§1§#
#.....1§§#)...(
#....#§D§# ...#
#....#..#§§#§...##
#?.. #..§§§#§§.##
#. .T#.§#§§§##
...#..#p§##
.#....#..##


You could see a shadow dragon, 2 Tzitzimimeh, a Brimstone Fiend (summoned) and
an ironbound convoker.

Vanquished Creatures
  Nikola (Shoals:1)
  The ghost of turdburglar the Tortoise, an adept MiFi of Qazlal (Vaults:1)
  Mlioglotl (Shoals:4)
  A tentacled monstrosity (Vaults:5)
  A deep elf blademaster (Elf:3)
  5 titans
  A deep elf master archer (Elf:3)
  Polyphemus (Shoals:2)
  A sphinx (Vaults:3)
  A storm dragon (Vaults:3)
  Gastronok (D:12)
  A shadow dragon (Vaults:3)
  2 tengu reavers
  Roxanne (Snake:4)
  Donald (Snake:1)
  6 nagarajas
  3 frost giants (Vaults:3)
  6 deep elf sorcerers (Elf:3)
  An iron dragon (Vaults:3)
  5 vault wardens
  A ghost moth (Vaults:3)
  A juggernaut zombie (D:15)
  Aizul (Snake:1)
  5 deep elf elementalists (Elf:3)
  An orc warlord (Orc:2)
  11 ironbound preservers
  Louise (Shoals:1)
  A stone giant (Vaults:3)
  A war gargoyle (Vaults:5)
  15 very ugly things
  5 ironbound thunderhulks
  13 deep elf annihilators (Elf:3)
  9 deep elf demonologists (Elf:3)
  A minotaur (Gauntlet)
  6 dire elephants
  A crystal guardian (Vaults:3)
  12 merfolk impalers
  7 deep elf death magi (Elf:3)
  A deep elf high priest (Elf:3)
  14 yaktaur captains
  9 great orbs of eyes
  4 ettins
  An entropy weaver (Vaults:4)
  5 merfolk javelineers
  32 vault guards
  A hell beast (Lair:5)
  11 ironbound frosthearts
  2 salamander tyrants
  3 peacekeepers
  2 centaur warriors
  5 catoblepae
  Erolcha (Orc:2)
  8 hydras
  3 merfolk avatars
  3 satyrs
  8 anacondas
  2 ogre magi (Vaults:3)
  An alligator snapping turtle (Shoals:2)
  2 death knights (Vaults:3)
  2 two-headed ogres
  4 merfolk aquamancers
  34 dancing weapons
  19 naga warriors
  9 boulder beetles
  3 death yaks (Shoals:2)
  An orc high priest (Orc:2)
  A deep troll earth mage (Vaults:3)
  A tengu warrior (Gauntlet)
  5 naga sharpshooters
  21 deep elf knights
  11 shock serpents
  3 hell knights (Vaults:5)
  7 skysharks
  7 skeletal warriors
  A fire crab (D:13)
  18 deep trolls
  A shadow wraith (Vaults:3)
  3 glowing orange brains
  6 naga ritualists
  5 salamander mystics
  20 sea snakes
  A flayed ghost (Vaults:3)
  2 phantasmal warriors
  7 orc knights
  7 wizards
  8 deep elf archers
  28 harpies
  17 ironbound convokers
  A lindwurm (shapeshifter) (Vaults:5)
  2 necromancers
  5 lindwurms
  4 orc sorcerers
  36 deep elf zephyrmancers
  A wolf spider zombie (D:14)
  2 frost giant zombies (D:15)
  29 deep elf pyromancers
  7 mana vipers
  30 ugly things
  17 manticores
  17 fauns
  A shadow dragon skeleton (Vaults:4)
  7 cyclopes
  22 salamanders
  A moth of wrath (D:7)
  6 elephants
  2 centaur zombies (D:14)
  11 water nymphs
  9 guardian serpents
  A stone giant skeleton (D:15)
  36 black mambas
  7 merfolk sirens
  16 vault sentinels
  19 naga magi
  11 cane toads
  3 orange demons (Lair:5)
  An eye of devastation (Vaults:3)
  2 gargoyles
  4 rime drakes
  A kobold demonologist (D:11)
  An unseen horror (D:11)
  39 yaktaurs
  3 tengu conjurers
  9 komodo dragons
  A guardian mummy (D:15)
  A human skeleton (Vaults:4)
  2 ice devils (Lair:5)
  28 merfolk
  A queen bee (Lair:3)
  A hellwing (Lair:5)
  5 polar bears
  8 wind drakes
  8 trolls
  A blink frog (shapeshifter) (Elf:3)
  A hornet (D:9)
  A wind drake (shapeshifter) (D:8)
  Prince Ribbit (D:8)
  A tarantella (Vaults:4)
  A raiju (shapeshifter) (D:14)
  7 dream sheep
  31 blink frogs
  15 snapping turtles
  46 slime creatures
  Sigmund (D:2)
  A yak (shapeshifter) (Elf:1)
  A vampire (D:14)
  10 air elementals
  An elf skeleton (Vaults:4)
  7 shadows
  22 water elementals
  6 wraiths
  49 yaks
  3 fire elementals
  Grum (D:11)
  5 basilisks
  3 steam dragons
  6 wyverns
  8 vampire mosquitoes
  39 nagas
  3 wargs (Orc:1)
  5 hell hounds (Lair:5)
  4 acid dragons
  2 sky beasts (D:8)
  14 water moccasins
  5 black bears
  55 orc warriors
  4 ice beasts
  The ghost of BuzzardItera the Trooper, an amateur DrFi (D:7)
  3 centaurs
  15 ogres
  24 wolves
  3 boggarts (D:14)
  A phantom (D:5)
  5 kobold brigands
  6 earth elementals
  A necrophage (Lair:2)
  6 bullfrogs
  5 gnoll sergeants
  3 scorpions
  9 wights
  33 killer bees
  A howler monkey (D:10)
  7 electric eels
  7 crimson imps (D:12)
  2 gnoll boudas (D:9)
  4 jellies
  Crazy Yiuf (D:2)
  4 hounds
  22 orc priests
  6 iguanas
  2 sleepcaps
  6 hell rats (Lair:3)
  33 orc wizards
  2 centaur simulacra
  5 adders
  26 gnolls
  A shadow imp (Gauntlet)
  7 white imps
  An ufetubus (D:4)
  2 worms
  113 orcs
  5 endoplasms
  5 giant cockroaches
  2 goblins
  5 hobgoblins
  12 kobolds
  3 quokkas
  5 ball pythons
  9 bats
  3 frilled lizards
  2 rats (D:2)
1699 creatures vanquished.

Vanquished Creatures (others)
  Asterion (Snake:1)
  A naga (Snake:1)
2 creatures vanquished.

Grand Total: 1701 creatures vanquished

Notes
Turn   | Place    | Note
-------+----------+-------------------------------------------
     0 | D:1      | wingedge the Demigod Earth Elementalist began the quest for
                  | the Orb.
     0 | D:1      | Reached XP level 1. HP: 14/14 MP: 5/5
   269 | D:1      | Reached XP level 2. HP: 20/20 MP: 2/7
   951 | D:2      | Found a runed translucent door.
   955 | D:2      | Noticed Crazy Yiuf
  1145 | D:2      | Noticed Sigmund
  1154 | D:2      | Killed Sigmund
  1155 | D:2      | Reached skill level 1 in Fighting
  1155 | D:2      | Reached skill level 1 in Conjurations
  1155 | D:2      | Reached XP level 3. HP: 7/29 MP: 0/10
  1155 | D:2      | Reached XP level 4. HP: 9/36 MP: 0/11
  1155 | D:2      | Reached XP level 5. HP: 10/41 MP: 0/12
  1292 | D:2      | Learned a level 3 spell: Stone Arrow
  1443 | D:2      | Killed Crazy Yiuf
  2240 | D:3      | Found Kakurana's Antique Armour Shoppe.
  2246 | D:3      | Bought a dyed leather armour for 95 gold pieces
  2531 | D:4      | Noticed an ogre
  2537 | D:4      | Killed an ogre
  2538 | D:4      | Reached XP level 6. HP: 48/48 MP: 1/14
  3520 | D:4      | Reached skill level 1 in Shields
  3924 | D:5      | Entered Level 5 of the Dungeon
  4068 | D:5      | Reached XP level 7. HP: 56/56 MP: 8/15
  4767 | D:5      | Learned a level 4 spell: Iskenderun's Mystic Blast
  5162 | D:5      | Reached XP level 8. HP: 63/63 MP: 7/17
  5441 | D:5      | Reached skill level 5 in Earth Magic
  5463 | D:5      | Found Xicew's Jewellery Shoppe.
  5741 | D:6      | Learned a level 3 spell: Ozocubu's Armour
  5759 | D:6      | Found a staircase to the Ecumenical Temple.
  5954 | D:6      | Reached skill level 1 in Translocations
  6283 | D:6      | Reached skill level 1 in Armour
  6432 | D:6      | Reached skill level 1 in Ice Magic
  7508 | D:7      | Noticed BuzzardItera's ghost (amateur DrFi)
  7515 | D:7      | Noticed a moth of wrath
  7533 | D:7      | Noticed a two-headed ogre
  7540 | D:7      | Found a transporter.
  7556 | D:7      | Reached XP level 9. HP: 48/71 MP: 6/19
  7883 | D:7      | Found Gaibb's Magic Scroll Emporium.
  8035 | D:7      | Reached skill level 2 in Ice Magic
  8128 | D:7      | Found a transporter.
  8233 | D:8      | Reached skill level 5 in Conjurations
  8730 | D:8      | Reached skill level 3 in Ice Magic
  8780 | D:8      | Noticed Prince Ribbit
  8785 | D:8      | Killed Prince Ribbit
  9030 | D:8      | Reached skill level 5 in Spellcasting
  9172 | D:8      | Noticed a gargoyle
  9175 | D:8      | Killed a gargoyle
  9966 | D:8      | Reached XP level 10. HP: 80/80 MP: 14/21
 10073 | D:8      | Noticed a manticore
 10076 | D:8      | Killed a manticore
 10077 | D:8      | Reached skill level 4 in Ice Magic
 10369 | D:9      | Reached skill level 5 in Stealth
 10864 | D:9      | Found a staircase to the Lair.
 10886 | D:9      | Found a staircase to the Orcish Mines.
 11084 | D:9      | Reached skill level 5 in Fighting
 12490 | Lair:1   | Entered Level 1 of the Lair of Beasts
 12640 | Lair:1   | Reached skill level 5 in Dodging
 12644 | Lair:1   | Reached skill level 5 in Translocations
 12644 | Lair:1   | Reached skill level 5 in Ice Magic
 12788 | Lair:1   | Reached XP level 11. HP: 88/88 MP: 20/24
 14220 | Lair:2   | Noticed a boulder beetle
 14229 | Lair:2   | Killed a boulder beetle
 14461 | Lair:2   | Reached skill level 5 in Shields
 14464 | Lair:2   | Reached skill level 6 in Ice Magic
 14608 | Lair:2   | Found a staircase to the Shoals.
 14659 | Lair:2   | Learned a level 5 spell: Freezing Cloud
 14928 | Lair:2   | Found a staircase to the Snake Pit.
 14946 | Lair:2   | Reached skill level 1 in Air Magic
 15847 | Lair:2   | Noticed a catoblepas
 15854 | Lair:2   | Killed a catoblepas
 15855 | Lair:2   | Reached skill level 5 in Armour
 16622 | Lair:3   | Reached XP level 12. HP: 97/97 MP: 7/26
 16802 | Lair:3   | Reached skill level 7 in Ice Magic
 19278 | Lair:3   | Reached skill level 5 in Air Magic
 19782 | Lair:3   | Identified the +0 leather armour of Ru's Benevolence {Harm
                  | Slay+3 Stlth-}
 20125 | Lair:4   | Noticed a boulder beetle
 20228 | Lair:4   | Killed a boulder beetle
 20394 | Lair:4   | Noticed a catoblepas
 20407 | Lair:4   | Killed a catoblepas
 20836 | Lair:4   | Reached XP level 13. HP: 107/107 MP: 14/29
 20839 | Lair:4   | Reached skill level 8 in Ice Magic
 21554 | Lair:5   | Entered Level 5 of the Lair of Beasts
 22753 | Lair:5   | Noticed a dire elephant
 22783 | Lair:5   | Killed a dire elephant
 23770 | Lair:5   | Reached skill level 9 in Ice Magic
 24325 | Lair:5   | Found a staircase to the Slime Pits.
 24600 | Lair:5   | Found a gateway to Hell.
 24801 | Orc:1    | Entered Level 1 of the Orcish Mines
 25454 | Orc:2    | Entered Level 2 of the Orcish Mines
 26290 | Orc:2    | Noticed an orc warlord
 26306 | Orc:2    | Killed an orc warlord
 26494 | Orc:2    | Reached XP level 14. HP: 114/118 MP: 16/31
 26695 | Orc:2    | Noticed Erolcha
 26852 | Orc:2    | Killed Erolcha
 27297 | Orc:2    | Found Ukhishra's Antique Weapon Emporium.
 27298 | Orc:2    | Found Leochyur's Antique Armour Shoppe.
 27317 | Orc:2    | Bought the +3 robe of Clouds {*Thunder rCloud rElec} for
                  | 861 gold pieces
 27317 | Orc:2    | Found the +3 robe of Clouds {*Thunder rCloud rElec}
 28161 | Orc:2    | Found a staircase to the Elven Halls.
 28280 | Orc:2    | Found Xejawoex's Assorted Antiques.
 28342 | Orc:2    | Bought a scroll of fear for 168 gold pieces
 28342 | Orc:2    | Bought a scroll labelled ERAXETSISETU for 42 gold pieces
 28342 | Orc:2    | Bought 2 scrolls labelled YCWOITH ESIE for 84 gold pieces
 28368 | Orc:2    | Found Udolaiwk's Antique Weapon Boutique.
 28782 | D:10     | Entered Level 10 of the Dungeon
 28954 | D:7      | Killed BuzzardItera's ghost
 28969 | D:7      | Reached skill level 1 in Axes
 30487 | D:10     | Learned a level 6 spell: Iron Shot
 30495 | D:10     | Learned a level 7 spell: Ozocubu's Refrigeration
 30754 | D:11     | Noticed Grum
 30759 | D:11     | Killed Grum
 30760 | D:11     | Reached skill level 10 in Ice Magic
 30886 | D:11     | Found a gate leading to a gauntlet.
 30897 | Gauntlet | Entered a Gauntlet
 30897 | Gauntlet | Found a transporter.
 30897 | Gauntlet | Found a transporter.
 30897 | Gauntlet | Found a runed translucent door.
 30897 | Gauntlet | Found a runed translucent door.
 30897 | Gauntlet | Found a runed translucent gate.
 30897 | Gauntlet | Found a runed translucent gate.
 30899 | Gauntlet | Found a runed translucent gate.
 30900 | Gauntlet | Found a transporter.
 30900 | Gauntlet | Found a transporter.
 30903 | Gauntlet | Found a transporter.
 30924 | Gauntlet | Found a transporter.
 30926 | Gauntlet | Found a transporter.
 30972 | Gauntlet | Found a transporter.
 30973 | Gauntlet | Found a transporter.
 30973 | Gauntlet | Found a transporter.
 30988 | Gauntlet | Found a transporter.
 31004 | Gauntlet | Found a transporter.
 31014 | Gauntlet | Found a transporter.
 31014 | Gauntlet | Noticed a balrug
 31018 | Gauntlet | Found a transporter.
 31261 | Gauntlet | Identified the +1 quarterstaff of the Shouting Gods {venom,
                  | Dex+2}
 31424 | Gauntlet | Identified the +3 scale mail "Qaihucw" {rN+ Will+ Dex+2}
 31606 | Gauntlet | Identified the ring "Wewazun" {AC+4 Int+3}
 31660 | Gauntlet | Identified the +2 halberd "Voite" {drain, *Corrode Str+3
                  | Int+3}
 31660 | Gauntlet | Identified the +0 plate armour of Okawaru's Castigation
                  | {Slay+5}
 31952 | D:11     | You fall into a shaft and drop 3 floors!
 32448 | D:11     | Identified the +0 scale mail "Ejunnevo" {rElec Str+6}
 32725 | D:11     | Reached skill level 10 in Fighting
 33130 | D:12     | Found Ribearph's Weapon Emporium.
 33143 | D:12     | Noticed Gastronok
 33152 | D:12     | Killed Gastronok
 34811 | D:13     | Identified the scarf "Hap Fyli" {repulsion, rElec rN+ Str-4
                  | Int+3}
 35882 | D:14     | Reached skill level 5 in Axes
 36006 | D:14     | Reached skill level 11 in Ice Magic
 36640 | D:14     | Reached XP level 15. HP: 72/126 MP: 15/32
 36676 | D:14     | Found a gate to the Vaults.
 37205 | D:14     | HP: 1/126 [white ugly thing (30)]
 37832 | D:15     | Entered Level 15 of the Dungeon
 38139 | D:15     | Reached skill level 12 in Ice Magic
 38566 | D:15     | Found a staircase to the Depths.
 40094 | Snake:1  | Entered Level 1 of the Snake Pit
 40095 | Snake:1  | Noticed Asterion
 40098 | Snake:1  | Noticed an Executioner
 40104 | Snake:1  | Killed Asterion
 40585 | Snake:1  | Noticed Donald
 40590 | Snake:1  | Killed Donald
 41989 | Snake:1  | Identified a scroll of acquirement
 41990 | Snake:1  | Acquired the +0 cloak of Dramatic Exits {rElec rPois rF++
                  | Int-5}
 42373 | Snake:1  | Noticed Aizul
 42382 | Snake:1  | Killed Aizul
 43314 | Snake:2  | Noticed a nagaraja
 43324 | Snake:2  | Killed a nagaraja
 43325 | Snake:2  | Reached skill level 13 in Ice Magic
 43550 | Snake:2  | Found Onkaxont's Jewellery Shoppe.
 43551 | Snake:2  | Found Goas Edd's Book Boutique.
 43552 | Snake:2  | Found Huaguekh's Jewellery Shoppe.
 44487 | Snake:3  | Reached XP level 16. HP: 98/134 MP: 1/33
 44775 | Snake:3  | Found Seochiej's Jewellery Shoppe.
 44777 | Snake:3  | Found Urphoxomp's Jewellery Emporium.
 44779 | Snake:3  | Found Gietitus's Weapon Shoppe.
 44855 | Snake:3  | Bought the ring "Xorapefas" {Ice rN+ Dex+2} for 646 gold
                  | pieces
 44954 | Snake:3  | Found Hesmuopunt's Magic Scroll Shoppe.
 45996 | Snake:4  | Entered Level 4 of the Snake Pit
 46144 | Snake:4  | Noticed Roxanne
 46158 | Snake:4  | Reached skill level 10 in Shields
 46458 | Snake:4  | Killed Roxanne
 46607 | Snake:4  | Learned a level 5 spell: Lee's Rapid Deconstruction
 46970 | Snake:4  | Reached skill level 10 in Conjurations
 47425 | Snake:4  | Reached skill level 14 in Ice Magic
 47425 | Snake:4  | Reached skill level 10 in Earth Magic
 48773 | Snake:4  | Got the Quarto of the Glacier and Unspeakable Secrets
 49478 | Snake:4  | Got a serpentine rune of Zot
 49760 | Snake:4  | Reached XP level 17. HP: 141/141 MP: 27/35
 50113 | Shoals:1 | Entered Level 1 of the Shoals
 50800 | Shoals:1 | Noticed Louise
 50805 | Shoals:1 | Killed Louise
 51323 | Shoals:1 | Noticed Nikola
 51330 | Shoals:1 | Killed Nikola
 52672 | Shoals:2 | Noticed Polyphemus
 52678 | Shoals:2 | Killed Polyphemus
 54063 | Shoals:2 | Found Isum's Book Boutique.
 54188 | Shoals:2 | Bought a manual of Axes for 1520 gold pieces
 55440 | Shoals:3 | Reached skill level 15 in Ice Magic
 57355 | Shoals:4 | Entered Level 4 of the Shoals
 58183 | Shoals:4 | Noticed Mlioglotl
 58190 | Shoals:4 | Killed Mlioglotl
 59317 | Shoals:4 | Reached XP level 18. HP: 143/151 MP: 12/36
 60213 | Shoals:4 | Got a barnacled rune of Zot
 60230 | Shoals:4 | Identified the +2 morningstar of Banap {drain, rPois rC-
                  | Str-2 Stlth+}
 60369 | Shoals:4 | Identified the +8 trident of Qishev {freeze, rF- rC++ rN+
                  | Int-2}
 60825 | Elf:1    | Entered Level 1 of the Elven Halls
 62268 | Elf:1    | Found Xastut's General Store.
 62383 | Elf:1    | Found Ukkerum's Magic Scroll Shop.
 62715 | Elf:1    | Reached skill level 16 in Ice Magic
 63075 | Elf:3    | Entered Level 3 of the Elven Halls
 63965 | Elf:2    | Found a portal to a secret trove of treasure.
 64216 | Elf:2    | Found a runed translucent gate.
 64217 | Elf:2    | Found a runed translucent gate.
 64217 | Elf:2    | Found a runed translucent gate.
 65767 | Elf:3    | Paralysed by an air elemental for 1 turns
 65870 | Elf:3    | Identified the ring "Ahepiucryc" {rElec rPois EV+5 Slay-4}
 66377 | Elf:3    | Reached XP level 19. HP: 157/157 MP: 11/37
 66641 | Elf:3    | Found the +9 scales of the Dragon King {rPois rF+ rC+
                  | Will+}
 66767 | Elf:3    | Identified the +7 plate armour of the Guardian {rF+ rC-
                  | rCorr Str+2}
 66982 | Elf:3    | Reached skill level 10 in Axes
 67871 | Elf:3    | Identified the +9 short sword "Newtslayer" {flame, rPois
                  | Str+2 Dex+3}
 68551 | Elf:3    | Reached skill level 17 in Ice Magic
 68760 | Elf:3    | Identified the +5 great sword "Embalmer" {drain, rPois rF-
                  | rC++}
 68760 | Elf:3    | Identified the ring "Numesofu" {Ice Str-2 Int+2 SInv}
 68764 | Elf:3    | Identified the +8 short sword of Courage {vamp, Fly rElec
                  | rF- Str+3}
 68764 | Elf:3    | Identified the ring of Uskayaw's Displeasure {Fire Str+2}
 69677 | Elf:3    | Identified the staff of air "Omyh Vakh" {rElec rPois Str+5
                  | SInv}
 69683 | Elf:3    | Identified the +6 scale mail "Zuehag" {rElec rC+ SInv}
 69730 | Elf:3    | Identified the staff of poison "Ojomemye" {rPois rF+ Int+3
                  | SInv}
 70259 | Snake:2  | Bought the Spellbook of Bright Ensorcelling for 456 gold
                  | pieces
 70266 | Snake:2  | Learned a level 5 spell: Irradiate
 70559 | Vaults:1 | Entered Level 1 of the Vaults
 70632 | Vaults:1 | Reached skill level 1 in Transmutations
 71052 | Vaults:1 | Found Ypnygul's Book Emporium.
 71180 | Vaults:1 | Found a flickering gateway to a bazaar.
 71191 | Bazaar   | Entered a bazaar
 71214 | Bazaar   | Found Tefeutum's Jewellery Boutique.
 71236 | Bazaar   | Found Himioll's Book Emporium.
 71257 | Bazaar   | Found Eczifiha's Assorted Antiques.
 71277 | Bazaar   | Found Lywyiqao's Assorted Antiques.
 71532 | Vaults:1 | Bought Great Wizards, Vol. II for 722 gold pieces
 71540 | Vaults:1 | Learned a level 5 spell: Borgnjor's Vile Clutch
 72324 | Vaults:1 | Reached skill level 1 in Necromancy
 72683 | Vaults:1 | Found a large runed translucent door.
 72683 | Vaults:1 | Found a large runed translucent door.
 72683 | Vaults:1 | Noticed turdburglar's ghost (adept MiFi)
 72726 | Vaults:1 | Killed turdburglar's ghost
 72738 | Vaults:1 | Identified the staff of fire "Gusheip" {rF+ rC+ Dex+6}
 72741 | Vaults:1 | Identified the +3 chain mail of Qoxtofas {+Blink Str+4}
 75317 | Vaults:2 | Reached XP level 20. HP: 161/166 MP: 23/38
 77215 | Vaults:3 | Found a staircase to the Crypt.
 77516 | Vaults:3 | Found Potar's Book Shop.
 77714 | Vaults:3 | Bought an Inescapable Atlas for 480 gold pieces
 79092 | Vaults:3 | Paralysed by a sphinx for 4 turns
 79202 | Vaults:3 | Reached skill level 5 in Transmutations
 80023 | Vaults:3 | Reached skill level 10 in Dodging
 80196 | Vaults:3 | Learned a level 2 spell: Blink
 80947 | Vaults:3 | Reached skill level 5 in Necromancy
 81521 | Vaults:4 | Reached skill level 10 in Spellcasting
 83090 | Vaults:5 | Entered Level 5 of the Vaults
 83094 | Vaults:5 | Reached XP level 21. HP: 173/173 MP: 27/40
 83111 | Vaults:5 | Noticed a dread lich
 83111 | Vaults:5 | Noticed a dread lich
 83191 | Vaults:5 | Slain by a Tzitzimitl

Illustrated notes

Levels and vault maps discovered:
D:1:      co_arrival_square_in_a_square_in_a_square, layout_rooms
D:2:      layout_rooms, basic_altar, minmay_strange_pillars,
          uniq_crazy_yiuf_cottage, uniq_sigmund
D:3:      layout_basic, nemelex_spade_bored_becter, trog_butcher_becter,
          tso_oasis_becter, nicolae_dithmenos_through_a_glass_darkly,
          serial_shops, nicolae_diamond_shop
D:4:      layout_basic
D:5:      nicolae_cairo_tiling_large, layout_layer_cave, serial_shops, shop,
          hangedman_minor_gate_pass
D:6:      layout_loops_ring, minmay_temple_entry_wispy, serial_bayou_pond_b,
          grunt_ministairs_14, minmay_misc_feat_five
D:7:      layout_cave_pods, bloody_makhleb, gammafunk_ghost_wrathful_warriors,
          serial_shops, nicolae_shop_behind_doors
D:8:      wad_arrow_thing, layout_loops_ring, mainiacjoe_overflow_paths,
          mainiacjoe_overflow_24_doors, mainiacjoe_overflow_alcove_4,
          mainiacjoe_overflow_brackets, lemuel_doored_altar, uniq_prince_ribbit1
D:9:      kennysheep_spiral_hall, layout_irregular_city,
          kennysheep_orc_monster_closet_entryway
D:10:     layout_roguey, serial_ice, serial_ice_d, serial_ice_o, serial_ice_b,
          serial_ice_g, serial_ice_h, hangedman_abyss_or_decor_clamps, hex_large
D:11:     layout_stronghold, gauntlet_entry_generic, uniq_grum
D:12:     layout_roguey, serial_shops, shop, minmay_nine_imps, uniq_gastronok
D:13:     minmay_cornered_nines, layout_irregular_city
D:14:     layout_cave_pods, david_vaults_2, serial_undead, serial_undead_e,
          serial_undead_f, serial_undead_c, serial_undead_a, special_room
          [special_room_orc], st_stairs_6
D:15:     gammafunk_depths_entry_grave, layout_loops_ring
Lair:1:   layout_chaotic_city, disabler_island
Lair:2:   layout_hall_layers, elwin_shoals_entry_rocks, dummy_snake_entry,
          roderic_carrion_pond
Lair:3:   regret_index_wax_grids, layout_long_grid
Lair:4:   layout_big_grid, st_stairs_3, serial_bayou_shore_a
Lair:5:   evil_forest, layout_regular_city, dpeg_slime_entry_enclosed,
          nicolae_quartered_pool_impasse
Shoals:1: layout_shoals, abandoned_shop, uniq_louise, uniq_nikola
Shoals:2: layout_shoals, nicolae_shoals_c_island, uniq_polyphemus
Shoals:3: layout_shoals, nicolae_shoals_lost_giant_hut
Shoals:4: shoals_end_hellmonk_storm_palace [storm_palace_center_square,
          storm_palace_corner_reverse_hut, storm_palace_corner_reverse_hut,
          storm_palace_corner_grid, storm_palace_corner_pillars], uniq_mlioglotl
Snake:1:  layout_onion_interference, uniq_asterion, uniq_donald, uniq_aizul
Snake:2:  layout_onion, serial_bayou_shore_b, minmay_shop_grove
Snake:3:  layout_rooms, serial_corexii_hall, corexii_hall_statues_s,
          corexii_hall_statues_deadend, serial_shops, shop, minmay_shop_star,
          lemuel_fruit_tree
Snake:4:  grunt_snake_rune_pools, layout_layer_cave, nicolae_snake_bzzzt,
          nicolae_integral_box, uniq_roxanne
Orc:1:    layout_caves
Orc:2:    grunt_orc_community_town_hall, layout_diamond_mine,
          grunt_orc_community_big_house_1, grunt_orc_community_big_house_1,
          grunt_orc_community_house_2, grunt_orc_community_house_1,
          grunt_orc_community_house_2, grunt_orc_community_house_2, uniq_erolcha
Elf:1:    minmay_elf_arrival_circle, layout_loops_cross, serial_shops, shop,
          nicolae_shop_rolled_up, hangedman_elven_crosses_minicolossus
Elf:2:    nicolae_elf_blades_crystal_corner, layout_loops_cross,
          trove_entry_hex_spiral, lemuel_elevator
Elf:3:    minmay_elf_hall_hex, layout_geoelf_grid,
          minmay_the_grid_square_5x5_3x3_mashed
          [minmay_the_grid_square_5x5_forky,
          minmay_the_grid_square_5x5_shuriken,
          minmay_the_grid_square_5x5_pentomino_r,
          minmay_the_grid_square_5x5_lines,
          minmay_the_grid_square_5x5_megaprize_crossed,
          minmay_the_grid_square_5x5_comb, minmay_the_grid_square_5x5_v,
          minmay_the_grid_square_5x5_one_wall,
          minmay_the_grid_square_5x5_gyroscope]
Vaults:1: ebering_ghost_disaster_area, v_misc_28,
          ontoclasm_vaults_claustrophobia, hangedman_vaults_hat,
          nicolae_vaults_more_shelving_1, nicolae_vaults_storage_room_doors,
          vaults_room_large_hall, vaults_mumra_minichess, nicolae_vaults_two_Ls,
          layout_vaults_omnigrid, serial_shops, bzr_entry_lakeside,
          nicolae_lakefront_shop
Vaults:2: grunt_vaults_bifocal, nicolae_vaults_ninety_degrees,
          nicolae_vaults_tetromino_T_1, nicolae_vaults_twisting_passages,
          nicolae_vaults_layer_cake_slice, hangedman_vaults_stretched_pinwheel,
          ontoclasm_vaults_spin, nicolae_vaults_little_squares_2,
          nicolae_vaults_what_the_h, nicolae_vaults_storage_closets_2,
          special_room_vaults [special_room_orc],
          ontoclasm_vaults_loading_screen, vaults_room_stairs_pillars,
          vaults_dpeg_hooks, ontoclasm_vaults_misaligned, layout_vaults_omnibox
Vaults:3: nicolae_vaults_apartment_2, nicolae_vaults_border_crossing,
          st_greater_box_3, v_alt_pattern_6, blue_anna_dwarven_crypt,
          nicolae_vaults_little_squares_3, hangedman_vaults_corner_blocks,
          v_misc_4, nicolae_vaults_house_3, nicolae_vaults_variable_pillar_hall,
          hangedman_vaults_trim, vaults_dpeg_diagonal, v_misc_18,
          ontoclasm_vaults_twist, layout_vaults_omnicross, serial_shops, shop
Vaults:4: nicolae_vaults_weapon_check, vaults_dpeg_encased_lava,
          nicolae_vaults_ellipses_ellipsis, nicolae_vaults_layer_cake_slice,
          v_pattern_4, nicolae_vaults_six-pack, nicolae_vaults_six-pack,
          nicolae_vaults_tetromino_Z_2, nicolae_vaults_trapezoid_1,
          dpeg_vaults_monster_box, grunt_vaults_hallway_long,
          layout_vaults_maze_snakey
Vaults:5: serial_shops

Skill      XL: |  1  2  3  4  5  6  7  8  9 10 11 12 13 14 15 16 17 18 19 20 21 |
---------------+----------------------------------------------------------------+-----
Dodging        | 2 3 4 5 7 8 9 10 | 10.0
Stealth        | 2 3 4 5 6 7 |  7.5
Spellcasting   | 3 4 5 6 7 9 10 | 10.0
Fighting       | 1 2 3 4 5 6 7 9 10 11 12 | 12.1
Conjurations   | 1 2 3 4 5 6 7 8 10 12 13 14 | 14.0
Earth Magic    | 3 4 5 6 8 10 12 13 14 | 14.0
Shields        | 1 2 3 4 5 6 8 9 10 11 12 13 | 13.0
Translocations | 2 4 5 6 |  6.0
Armour         | 1 2 3 5 6 7 |  7.0
Ice Magic      | 1 3 5 6 7 9 11 13 14 15 16 17 | 17.9
Air Magic      | 3 5 |  5.0
Axes           | 5 7 9 11 12 13 | 13.0
Transmutations | 3 5 6 |  6.0
Necromancy     | 2 5 |  5.0

Action                     |  1- 3 |  4- 6 |  7- 9 | 10-12 | 13-15 | 16-18 | 19-21 || total
---------------------------+-------+-------+-------+-------+-------+-------+-------++-------
  Melee: Short sword       |       |       |    12 |    15 |     9 |       |       ||    36
         Trident           |       |       |       |    16 |    40 |       |       ||    56
         Staff             |       |       |       |     3 |     7 |    14 |     3 ||    27
         Broad axe         |       |       |       |       |   152 |   238 |   136 ||   526
  Throw: Dart              |       |       |       |     2 |     2 |       |       ||     4
   Cast: Sandblast         |    46 |    32 |    16 |       |       |       |       ||    94
         Stone Arrow       |       |    28 |   128 |   315 |   375 |     1 |       ||   847
         Ozocubu's Armour  |       |       |     1 |    13 |    21 |    25 |    15 ||    75
         Iskenderun's Myst |       |       |       |    23 |    15 |       |       ||    38
         Freezing Cloud    |       |       |       |    48 |   185 |    95 |    31 ||   359
         Iron Shot         |       |       |       |       |    86 |    84 |   156 ||   326
         Ozocubu's Refrige |       |       |       |       |    52 |   336 |   155 ||   543
         Lee's Rapid Decon |       |       |       |       |       |    37 |    98 ||   135
         Irradiate         |       |       |       |       |       |       |     7 ||     7
         Borgnjor's Vile C |       |       |       |       |       |       |    19 ||    19
         Blink             |       |       |       |       |       |       |     1 ||     1
  Evoke: Wand              |       |       |       |     1 |     3 |       |       ||     4
    Use: Scroll            |     1 |     5 |     5 |    11 |    17 |     8 |    10 ||    57
         Potion            |       |       |       |       |     3 |       |     5 ||     8
 Armour: Robe              |     5 |     2 |       |       |   119 |   125 |   112 ||   363
         Leather armour    |       |     1 |    18 |    78 |    78 |       |       ||   175
  Dodge: Dodged            |    11 |     3 |    25 |   146 |   260 |   225 |   151 ||   821
         Repelled          |       |       |       |       |     6 |       |       ||     6
  Block: Buckler           |       |       |    11 |    70 |   157 |   102 |       ||   340
         Kite shield       |       |       |       |       |    19 |    88 |   202 ||   309
         Reflection        |       |       |       |       |     3 |    18 |    42 ||    63
